AoeStats
← serbia_warriors

Arabia

509377423Analyzed
1v1 RM · 7d ago on Sep 26, 2026· 47m 22s· 2 players
Game mode
Random Map
Map size
Tiny (2 player)
Population
200
Speed
Normal
Resources
Standard
Victory
Conquest
Starting age
Dark Age
Ending age
Imperial Age
RankedLock teamsTeams togetherTeam positionsShared explorationLock speedFull tech treeHidden civsTurbo modeCheats
Victory
Defeat
🇯🇵 Italians · Japan
1895
+20
🇵🇪 Berbers · Peru
1981
-20
serbia_warriors
6:15 Loom
8:41 Feudal Age
8:52 Man-at-Arms
13:09 Fletching
14:38 Double-Bit Axe
20:45 Castle Age
19:08 Scale Barding Armor
19:49 Forging
20:28 Bloodlines
20:12 Horse Collar
21:59 Bow Saw
24:33 Wheelbarrow
24:31 Husbandry
25:54 Sanctity
26:02 Chain Barding Armor
37:10 Imperial Age
34:57 Gold Mining
35:33 Bodkin Arrow
36:14 Stone Mining
36:37 Padded Archer Armor
38:00 Ballistics
37:57 Bracer
39:08 Chemistry
37:37 Light Cavalry
38:53 Hand Cart
39:17 Leather Archer Armor
40:32 Ring Archer Armor
42:12 Plate Barding Armor
43:27 Heavy Plow
44:10 Conscription
44:33 Iron Casting
44:02 Cavalier
45:24 Conscription
46:14 Silk Road
46:41 Masonry
47:49 Blast Furnace
[VL] Lil Franco
5:34 Loom
8:27 Feudal Age
9:04 Double-Bit Axe
12:50 Padded Archer Armor
13:33 Horse Collar
16:44 Fletching
22:18 Castle Age
20:51 Gold Mining
23:00 Bodkin Arrow
24:37 Wheelbarrow
24:19 Scale Barding Armor
24:29 Husbandry
25:58 Bow Saw
27:08 Bloodlines
26:56 Town Watch
30:10 Chain Barding Armor
32:56 Forging
34:05 Hand Cart
38:17 Imperial Age
36:22 Leather Archer Armor
36:30 Ballistics
38:25 Iron Casting
40:12 Chemistry
39:13 Bracer
39:00 Elite Genitour
40:12 Ring Archer Armor
39:05 Heavy Camel Rider
40:39 Siege Engineers
40:44 Masonry
42:49 Ring Archer Armor
42:05 Elite Skirmisher
44:46 Heavy Plow
Connection lost

Rejoining the realm…

Still unreachable

The connection could not be restored.

Session expired

The server has moved on; the page needs a fresh start.